 Dungeon Crawl Stone Soup version 0.29-a0-337-g68df138881 (webtiles) character file.

Game seed: 18424420580958941808

455 flyleaff the Skirmisher (level 7, 0/61 HPs)
             Began as a Ghoul Monk on Apr 16, 2022.
             Slain by a wight
             ... wielding a +0 flail
              (4 damage)
             ... on level 4 of the Dungeon.
             The game lasted 00:08:13 (2925 turns).

flyleaff the Skirmisher (Ghoul Monk)                Turns: 2925, Time: 00:08:14

Health: 0/61       AC:  8    Str: 15    XL:     7   Next: 5%
Magic:  6/6        EV: 13    Int:  5    God:
Gold:   168        SH:  0    Dex: 13    Spells: 2/6 levels left

rFire   . . .      SeeInvis .     - Unarmed
rCold   + . .      Faith    .   (no shield)
rNeg    + + +      Spirit   .   a - +0 robe
rPois   ∞          Reflect  .   (no helmet)
rElec   .          Harm     .   (no cloak)
rCorr   .          Rampage  .   (no gloves)
Will    .....                   i - +1 pair of boots
Stlth   ++........              (no amulet)
HPRegen 0.00/turn               c - +4 ring of protection
MPRegen 0.10/turn               (no ring)

@: inhibited regen
A: claws 1, cold resistance 1, negative energy resistance 3, inhibited
regeneration, torment resistance 2, devour on kill
a: no special abilities


You were on level 4 of the Dungeon.
You visited 1 branch of the dungeon, and saw 4 of its levels.

You collected 168 gold pieces.

Inventory:

Armour
 a - a +0 robe (worn)
 i - a +1 pair of boots (worn)
Jewellery
 c - a +4 ring of protection (left claw)
 e - the brooch of Shielding {Spirit SH+8}
   (You found it on level 3 of the Dungeon)

   [amulet of guardian spirit]

   It causes incoming damage to be divided between your reserves of health and
   magic.
   SH:        It affects your SH (+8).
 j - an amulet of faith
Scrolls
 f - a scroll of identify
 g - a scroll of amnesia {unknown}
 h - a scroll of noise {unknown}
 o - 4 scrolls of teleportation
 q - 3 scrolls of magic mapping
Potions
 b - 2 potions of ambrosia
 d - a potion of might
 k - a potion of mutation
 l - 2 potions of heal wounds
 p - a potion of lignification {unknown}


   Skills:
 + Level 5.1 Fighting
 + Level 3.0 Armour
 + Level 4.1 Dodging
 - Level 2.1 Stealth
 + Level 5.0 Unarmed Combat


You had 2 spell levels left.
You knew the following spells:

 Your Spells              Type           Power      Damage    Failure   Level
a - Pain                  Necr           0%         1d4       47%         1
b - Inner Flame           Hex/Fire       0%         N/A       85%         3

Your spell library contained the following spells:

 Spells                   Type           Power      Damage    Failure   Level
 Slow                     Hex            0%         N/A       47%         1
 Confusing Touch          Hex            0%         N/A       85%         3
 Cause Fear               Hex            0%         N/A       99%         4
 Agony                    Necr           0%         N/A       100%        5
 Excruciating Wounds      Necr           0%         N/A       100%        5
 Discord                  Hex            0%         N/A       100%        8
 Spider Form              Tmut/Pois      Unusable   N/A       N/A         3

Dungeon Overview and Level Annotations

Branches:
Dungeon (4/15)
 Temple: D:4-7

Altars:
Dithmenos
Sif Muna
Uskayaw
Vehumet
Xom

Shops:
D:1 [*[(:


Innate Abilities, Weirdness & Mutations

You are immune to poison.
You have sharp fingernails.
Your flesh is cold resistant. (rC+)
You are immune to negative energy. (rN+++)
You do not regenerate when monsters are visible.
You are immune to unholy pain and torment.
You thrive by killing the living.


Message History

You are too injured to fight recklessly!
You are too injured to fight recklessly!
You are too injured to fight recklessly!
You are too injured to fight recklessly!
You are too injured to fight recklessly!
You are too injured to fight recklessly!
You scratch the wight.
You destroy the wight!
Your Armour skill increases to level 3!
Your Unarmed Combat skill increases to level 5!
You have reached level 7!
You scratch the wight but do no damage.
The wight hits you from afar with a +0 spear of venom.
The wight hits you with a +0 flail.
You scratch the wight.
The wight is lightly damaged.
The wight hits you with a +0 flail.
* * * LOW HITPOINT WARNING * * *
The wight misses you.
You scratch the wight.
The wight is moderately damaged.
The wight completely misses you. The wight misses you.
You closely miss the wight.
The wight is moderately damaged.
The wight barely misses you. The wight closely misses you.
You scratch the wight but do no damage.
The wight is moderately damaged.
You closely miss the wight.
The wight is moderately damaged.
The wight barely misses you. The wight completely misses you.
You scratch the wight.
The wight is severely damaged.
The wight hits you with a +0 flail.
* * * LOW HITPOINT WARNING * * *
The wight hits you from afar with a +0 spear of venom.
* * * LOW HITPOINT WARNING * * *
You scratch the wight.
The wight is almost destroyed.
The wight hits you with a +0 flail.
You die...

########## #.........
#......... . ##.....!.>$
....##########....<.....
......†@zz...........?..
....###########.........
. #......... ##########
#. #. .. .#


You could see 2 wights.

Vanquished Creatures
  Grinder (D:3)
  3 wights
  5 adders
  A dart slug (D:2)
  4 orcs (D:3)
  4 bats
  An endoplasm (D:3)
  A giant cockroach (D:2)
  4 goblins
  4 hobgoblins
  5 jackals (D:3)
  5 kobolds
  3 quokkas
  6 ball pythons
  5 frilled lizards (D:2)
  5 rats
57 creatures vanquished.

Vanquished Creatures (others)
  Jessica (D:3)
  An adder (D:3)
  An orc (D:3)
  A ball python (D:3)
  A frilled lizard (D:3)
  A kobold (D:3)
  3 plants (D:2)
9 creatures vanquished.

Grand Total: 66 creatures vanquished

Notes
Turn   | Place    | Note
-------+----------+-------------------------------------------
     0 | D:1      | flyleaff the Ghoul Monk began the quest for the Orb.
     0 | D:1      | Reached XP level 1. HP: 19/19 MP: 0/0
    11 | D:1      | Found Usecoab's Antique Armour Shop.
    27 | D:1      | Found Uboafage's Book Shoppe.
    46 | D:1      | Found Laemed's General Store.
   162 | D:1      | Found Mefeecog's Armour Shoppe.
   168 | D:1      | Found a faded altar of an unknown god.
   205 | D:1      | Reached XP level 2. HP: 25/26 MP: 1/1
   237 | D:1      | Got the Tome of Transmutation and Malediction
   281 | D:1      | Found Astrut's Weapon Shoppe.
   554 | D:2      | Reached skill level 1 in Armour
   554 | D:2      | Reached XP level 3. HP: 22/31 MP: 2/2
  1074 | D:2      | You fall into a shaft and drop 2 floors!
  1139 | D:3      | Found a shimmering altar of Xom.
  1709 | D:3      | Reached XP level 4. HP: 40/40 MP: 3/3
  1730 | D:3      | Noticed Jessica
  1736 | D:3      | Found a shimmering blue altar of Sif Muna.
  1737 | D:3      | Killed Jessica
  1861 | D:3      | Found a hide-covered altar of Uskayaw.
  1876 | D:3      | Noticed Grinder
  1925 | D:3      | Paralysed by Grinder for 3 turns
  1941 | D:3      | Killed Grinder
  1942 | D:3      | Reached XP level 5. HP: 17/47 MP: 4/4
  1942 | D:3      | Reached XP level 6. HP: 19/53 MP: 5/5
  2214 | D:3      | Found the brooch of Shielding {Spirit SH+8}
  2384 | D:3      | Found a radiant altar of Vehumet.
  2385 | D:3      | Found a shadowy altar of Dithmenos.
  2781 | D:3      | Learned a level 1 spell: Pain
  2785 | D:3      | Learned a level 3 spell: Inner Flame
  2916 | D:4      | Reached skill level 5 in Fighting
  2918 | D:4      | Reached skill level 5 in Unarmed Combat
  2918 | D:4      | Reached XP level 7. HP: 31/61 MP: 6/6
  2925 | D:4      | Slain by a wight

Illustrated notes

Levels and vault maps discovered:
D:1:      scummos_arrival_simple_crosswalls, layout_rooms,
          ebering_ecumenical_altar_ruins, serial_shops,
          nicolae_shop_hallway_plus, shop, shop_fountains, nicolae_shop_crystal,
          shop, chequers_serial_rivers_micro_e
D:2:      layout_basic, minmay_lizard_king
D:3:      layout_basic, nicolae_uskayaw_dance_hall,
          gammafunk_temple_overflow_pools, tgw_sif, xom_confusion_cloud,
          serial_curves, eino_curves_01, eino_curves_02, nrook_campfire,
          st_stairs_8, hangedman_decor_opposing, uniq_grinder
D:4:      layout_rooms, okawaru_metal_pillars_1_2, minmay_misc_feat_encased

Skill      XL: |  1  2  3  4  5  6 |
---------------+-------------------+-----
Armour         | 1 2 3 |  3.0
Dodging        | 3 4 |  4.1
Fighting       | 4 5 |  5.1
Unarmed Combat | 4 5 |  5.0
Stealth        | |  2.1

Action                   |  1- 3 |  4- 6 |  7- 9 || total
-------------------------+-------+-------+-------++-------
Melee: Unarmed           |   118 |    90 |     8 ||   216
       Punch             |     3 |     3 |       ||     6
  Use: Potion            |       |     2 |       ||     2
       Scroll            |       |     9 |       ||     9
 Stab: Sleeping          |     5 |     2 |       ||     7
       Distracted        |       |     1 |       ||     1
Armor: Robe              |    46 |    19 |       ||    65
Dodge: Dodged            |    71 |    63 |     7 ||   141

Table legend: (Time is in decaauts)
 A = Elapsed time spent in this place.
 B = Non-inter-level travel time spent in this place.
 C = Inter-level travel time spent in this place.
 D = Time resting spent in this place.
 E = Time spent auto-exploring this place.
 F = Levels seen in this place.
 G = Mean time per level.
                   A        B        C        D        E       F      G
               +--------+--------+--------+--------+--------+-----+--------+
         Total |   2910 |   2697 |    213 |      0 |   2158 |   4 |  727.5 |
       Dungeon |   2910 |   2697 |    213 |      0 |   2158 |   4 |  727.5 |
               +--------+--------+--------+--------+--------+-----+--------+

Top non-repeatable levels by time:
     D:3: 1338 daAuts
     D:2: 961 daAuts
     D:1: 515 daAuts
     D:4: 95 daAuts
